 Dungeon Crawl Stone Soup version 0.30-a0-457-g4b7bca3bfa (webtiles) character file.

Game seed: 17682335873626318757

28835 NinjaNoafa the Spry (level 13, -12/64 HPs)
             Began as a Felid Summoner on Dec 13, 2022.
             Was an Initiate of Gozag.
             Mangled by a sea snake (18 damage)
             ... on level 1 of the Shoals on Dec 14, 2022.
             The game lasted 01:19:36 (27842 turns).

NinjaNoafa the Spry (Felid Summoner)               Turns: 27842, Time: 01:19:37

Health: -12/64     AC:  3    Str:  4    XL:     13   Next: 11%
Magic:  13/30      EV: 30    Int: 30    God:    Gozag
Gold:   1598       SH:  5    Dex: 19    Spells: 0/36 levels left
                                        Lives:  0   Deaths: 4

rFire   . . .      SeeInvis +    (weapon unavailable)
rCold   + . .      Faith    .    (shield unavailable)
rNeg    . . .      Spirit   .    (body armour unavailable)
rPois   +          Reflect  +    (helmet unavailable)
rElec   .          Harm     .    (cloak unavailable)
rCorr   +          Rampage  .    (gloves unavailable)
Will    ++...                    (boots unavailable)
Stlth   +.........               t - amulet of reflection
HPRegen 0.30/turn                o - ring "Ziewnyrgh" {Wiz rPois Dex+4}
MPRegen 0.22/turn                b - ring "Opsif" {Will+ rCorr Int+9 Dex-2}

@: very slightly contaminated, very slow
A: very small, claws 1, fangs 3, see invisible, speed 1, shaggy fur 3, stealthy
paws, no weapons or thrown items, no armour, multi-lived
a: Renounce Religion, Potion Petition, Call Merchant, Bribe Branch


You were on level 1 of the Shoals.
You worshipped Gozag.
Gozag was most pleased with you.
You visited 6 branches of the dungeon, and saw 21 of its levels.

You collected 7646 gold pieces.
You spent 1364 gold pieces at shops.
You paid 4684 gold pieces to Gozag.

Inventory:

Jewellery
 b - the ring "Opsif" (right paw) {Will+ rCorr Int+9 Dex-2}
   (You acquired it on level 2 of the Lair of Beasts)

   [ring of willpower]

   Int:       It affects your intelligence (+9).
   Dex:       It affects your dexterity (-2).
   rCorr:     It protects you from acid and corrosion.
   Will:      It increases your willpower.
 o - the ring "Ziewnyrgh" (left paw) {Wiz rPois Dex+4}
   (You acquired it on level 5 of the Lair of Beasts)

   [ring of wizardry]

   It improves your spell success rate.
   Dex:       It affects your dexterity (+4).
   rPois:     It protects you from poison.
 t - an amulet of reflection (around neck)
 F - a ring of protection from cold
 H - a ring of positive energy
Wands
 l - a wand of iceblast (8)
 r - a wand of charming (20)
 y - a wand of mindburst (15)
 D - a wand of polymorph (2)
 M - a wand of quicksilver (7)
Scrolls
 c - a scroll of identify
 d - 3 scrolls of teleportation
 h - 3 scrolls of amnesia
 i - a scroll of noise
 j - 11 scrolls of vulnerability
 m - 4 scrolls of blinking
 p - 4 scrolls of fog
 z - 5 scrolls of poison
 A - 3 scrolls of magic mapping
 B - a scroll of immolation {unknown}
 J - a scroll of torment {unknown}
 P - a scroll of summoning {unknown}
Potions
 a - 3 potions of magic
 e - 3 potions of curing
 f - 3 potions of might
 k - a potion of invisibility {unknown}
 n - 7 potions of flight
 q - 2 potions of degeneration {unknown}
 s - a potion of brilliance {unknown}
 u - 2 potions of berserk rage {unknown}
 v - 4 potions of haste
 x - 3 potions of lignification
 E - 5 potions of cancellation
 G - 4 potions of attraction
 I - a potion of ambrosia {unknown}
 K - a potion of mutation {unknown}
 O - 3 potions of resistance
Miscellaneous
 g - a piece from Xom's chessboard (15/15)
 N - a phial of floods


   Skills:
 + Level 12.2 Fighting
 + Level 15.8 Dodging
 - Level 2.6 Stealth
 + Level 12.0 Spellcasting
 - Level 10.0 Hexes
 + Level 10.5 Summonings
 + Level 5.2 Translocations
 - Level 7.0 Air Magic
 - Level 7.0 Evocations


You couldn't memorise any spells.
You knew the following spells:

 Your Spells              Type           Power      Damage    Failure   Level
a - Summon Cactus Giant   Summ           34%        N/A       2%          6
b - Summon Hydra          Summ           34%        N/A       13%         7
c - Call Canine Familiar  Summ           69%        N/A       1%          3
d - Summon Guardian Gole  Hex/Summ       68%        N/A       1%          3
e - Summon Lightning Spi  Summ/Air       63%        N/A       1%          4
f - Summon Mana Viper     Hex/Summ       68%        N/A       1%          5
h - Summon Forest         Summ/Tloc      30%        N/A       1%          5
i - Inner Flame           Hex/Fire       48%        N/A       1%          3

Your spell library contained the following spells:

 Spells                   Type           Power      Damage    Failure   Level
 Foxfire                  Conj/Fire      72%        2x1d7     1%          1
 Magic Dart               Conj           72%        1d6       1%          1
 Sandblast                Erth           36%        2d10      1%          1
 Summon Small Mammal      Summ           100%       N/A       1%          1
 Call Imp                 Summ           69%        N/A       1%          2
 Ensorcelled Hibernation  Hex/Ice        96%        N/A       1%          2
 Passwall                 Tmut/Erth      15%        N/A       1%          2
 Searing Ray              Conj           36%        2d5       1%          2
 Anguish                  Hex/Necr       24%        N/A       1%          4
 Cause Fear               Hex            33%        N/A       1%          4
 Fulminant Prism          Conj/Hex       24%        3d12      1%          4
 Spider Form              Tmut/Pois      18%        N/A       3%          3
 Stone Arrow              Conj/Erth      36%        3d9       3%          3
 Borgnjor's Vile Clutch   Necr/Erth      9%         N/A       30%         5
 Death Channel            Necr           9%         N/A       83%         6
 Dragon Form              Tmut           9%         N/A       100%        7
 Ignition                 Fire           9%         3d5       100%        8
 Dragon's Call            Summ           34%        N/A       100%        9
 Animate Armour           Summ/Erth      Unusable   N/A       N/A         4
 Animate Dead             Necr           Unusable   N/A       N/A         4

Dungeon Overview and Level Annotations

Branches:
Dungeon (12/15)            Temple (1/1) D:4            Lair (5/5) D:10
 Shoals (1/4) Lair:3       Spider (1/4) Lair:2        Slime (0/5) Lair:5
    Orc (1/2) D:11

Altars:
Ashenzari
Cheibriados
Dithmenos
Elyvilon
Fedhas
Gozag
Hepliaklqana
Kikubaaqudgha
Makhleb
Nemelex Xobeh
Okawaru
Qazlal
Ru
Sif Muna
Trog
Uskayaw
Vehumet
Wu Jian
Xom
Yredelemnul
Zin
The Shining One
Jiyva

Shops:
D:1 !   D:8 [   D:10 :=   Lair:5 **

Annotations:
Lair:5 1 runed translucent door


Innate Abilities, Weirdness & Mutations

You have sharp claws.
You have razor-sharp teeth.
You have supernaturally acute eyesight. (SInv)
You cover ground quickly. (Speed+)
Your thick and shaggy fur keeps you warm. (AC +3, rC+)
Your paws help you pounce on unaware monsters.
You are incapable of wielding weapons or throwing items.
You cannot wear armour.
You gain extra lives every three experience levels.


Message History

The sea snake bites your cactus giant.
Your warg bites the merfolk siren!
Your mana viper bites the merfolk siren!!
You break out of your daze!
The merfolk siren dies!
Your cactus giant closely misses the sea snake.
Found a leather armour.
The sea snake closely misses your warg.
The snapping turtle is struck by your cactus giant's spines.
The snapping turtle bites your cactus giant!!
The sea snake is distracted by your dazzling golden aura.
The snapping turtle is struck by your cactus giant's spines.
The snapping turtle bites your cactus giant.
The sea snake hisses angrily.
Your warg barely misses the sea snake.
The sea snake barely misses your mana viper.
Your mana viper closely misses the sea snake.
Your warg bites the sea snake!
The sea snake bites your mana viper!!
The snapping turtle is struck by your cactus giant's spines.
The snapping turtle dies!
Your mana viper bites the sea snake!
Your warg bites the sea snake!!
Your cactus giant barely misses the sea snake.
The sea snake bites your mana viper!!
Your snaplasher vine grabs the sea snake.
Your snaplasher vine hits the sea snake!
The sea snake dies!
Space becomes stable.
Your dryad disappears in a puff of smoke!
The vines fall limply to the ground.
Your mana viper misses the sea snake.
Your mana viper bites the sea snake!!
The sea snake is no longer distracted by gold.
The sea snake bites your mana viper!!
Your mana viper dies!
Your mana viper disappears in a puff of smoke!
Your warg bites the sea snake!
Casting: Summon Mana Viper (dangerous; 1% risk of failure)
Confirm with . or Enter, or press ? or * to list all spells.
A mana viper appears with a sibilant hiss.
Your cactus giant hits the sea snake with a +0 giant spiked club!
The sea snake attacks as you move away! The sea snake bites you!!
You die...
Your body crumbles into a pile of gold.

.[.~~~≈≈≈≈≈≈ ≈.
..~~~≈≈≈≈≈≈
≈.###.~~~~≈≈≈≈≈≈
≈≈≈≈≈:~~~~≈≈≈≈≈≈
≈≈~≈≈≈~~~~≈≈≈≈≈≈
~~~~≈≈~~~~≈≈≈≈≈≈
~~~~≈≈~~~~≈≈≈≈≈≈
$.~~.≈≈.@~~≈≈≈≈≈≈
....~≈.S~~~~≈≈≈≈
~~.≈≈≈§.§S~~~~≈≈
~≈~~≈≈≈Ch.~~~~~≈
≈≈≈≈.~≈≈<...~~~~≈
≈≈≈≈...~≈.....~~~≈
≈≈≈≈≈~.≈≈≈.....~~~≈
≈≈≈≈≈≈~≈≈≈.....~~~≈
≈≈≈≈≈≈w~≈≈♣...\.~~~≈


You could see a sea snake (ally target), a friendly mana viper (summoned), a
friendly cactus giant (summoned) and a friendly warg (summoned).

Vanquished Creatures
  2 catoblepae (Lair:5)
  A boulder beetle (D:11)
  A death yak (Lair:5)
  4 elephants (Lair:5)
  A cane toad (Lair:5)
  2 komodo dragons (Lair:4)
  A jumping spider (Spider:1)
  2 shadows (D:11)
  A wyvern (D:11)
  15 yaks
  A nameless horror (D:11)
  A black bear (Lair:5)
  A bullfrog (Lair:4)
  An iguana (D:3)
  2 bats
  An endoplasm (D:4)
  A ball python (D:2)
  A kobold (D:4)
  2 bushes (Lair:5)
  3 snaplasher vines (Lair:5)
44 creatures vanquished.

Vanquished Creatures (collateral kills)
  Gastronok (D:9)
  A dire elephant (Lair:5)
  3 hydras
  4 boulder beetles
  A deep troll shaman (Lair:5)
  3 two-headed ogres
  5 death yaks
  Urug (D:11)
  A sea snake (Shoals:1)
  2 manticores (D:11)
  3 merfolk sirens
  2 black mambas (Lair:5)
  14 elephants
  2 gargoyles (D:11)
  11 cane toads
  A torpor snail (Lair:4)
  2 rime drakes
  4 komodo dragons
  A yaktaur (D:11)
  5 demonic crawlers (Spider:1)
  A kobold demonologist (D:11)
  3 merfolk
  3 trolls
  2 polar bears
  Prince Ribbit (D:8)
  3 tarantellas
  13 blink frogs
  2 hornets
  A snapping turtle (Shoals:1)
  Sigmund (D:3)
  A culicivora (Spider:1)
  2 centaur simulacra (D:11)
  A water elemental (D:11)
  A wyvern (Lair:3)
  A jumping spider (Spider:1)
  A vampire (D:10)
  A wraith (D:10)
  8 redbacks
  34 yaks
  A basilisk (Lair:5)
  4 steam dragons
  3 vampire mosquitoes (D:11)
  3 acid dragons (D:11)
  9 water moccasins
  3 nameless horrors
  3 sky beasts
  A black bear (Lair:1)
  3 orc warriors
  3 ice beasts
  An ogre (D:5)
  3 centaurs
  14 wolves
  5 phantoms
  A kobold brigand (D:11)
  7 bullfrogs
  3 scorpions
  10 wights
  5 killer bees
  8 howler monkeys
  An electric eel (D:11)
  A bullfrog zombie (D:4)
  A hound (D:5)
  A gnoll bouda (D:7)
  3 jellies
  6 orc priests
  4 iguanas
  2 scorpion zombies (D:4)
  Ijyb (D:5)
  8 orc wizards
  A hound zombie (D:4)
  A hound skeleton (D:4)
  9 adders
  14 gnolls
  2 adder zombies (D:4)
  A worm (D:5)
  3 dart slugs
  22 orcs
  8 ball pythons
  6 bats
  5 endoplasms
  6 giant cockroaches
  3 goblins
  7 hobgoblins
  2 jackals (D:4)
  5 kobolds
  4 quokkas
  4 frilled lizards
  A quokka zombie (D:4)
  4 rats
373 creatures vanquished.

Vanquished Creatures (others)
  2 hydras
  A centaur warrior (D:11)
  3 two-headed ogres
  4 elephants
  3 cane toads (Lair:3)
  Maggie (Lair:2)
  A torpor snail (Lair:2)
  A komodo dragon (Lair:4)
  A wyvern (D:8)
  9 yaks
  A vampire (D:10)
  A basilisk (D:11)
  2 wargs (D:10)
  An ice beast (D:6)
  A sky beast (D:10)
  2 black bears
  An orc warrior (D:9)
  A wolf (Lair:3)
  An ogre (D:5)
  A centaur (D:7)
  2 gnoll sergeants
  2 scorpions (D:6)
  9 wights
  A gnoll bouda (D:6)
  A hound (D:6)
  2 orc priests
  An orc wizard (D:10)
  4 gnolls
  A worm (D:3)
  3 orcs
  2 bushes
  47 fungi
  68 plants
  2 snaplasher vines
  A withered plant (D:4)
184 creatures vanquished.

Grand Total: 601 creatures vanquished

Notes
Turn   | Place    | Note
-------+----------+-------------------------------------------
     0 | D:1      | NinjaNoafa the Felid Summoner began the quest for the Orb.
     0 | D:1      | Reached XP level 1. HP: 7/7 MP: 4/4
   401 | D:1      | Reached XP level 2. HP: 11/11 MP: 4/6
   514 | D:1      | Learned a level 2 spell: Call Imp
  1145 | D:1      | Found Omeasaf's Distillery.
  1454 | D:2      | Reached XP level 3. HP: 14/14 MP: 5/8
  1618 | D:2      | Learned a level 3 spell: Call Canine Familiar
  1755 | D:2      | Found a faded altar of an unknown god.
  2289 | D:3      | Noticed Sigmund
  2319 | D:3      | Killed Sigmund
  2320 | D:3      | Reached skill level 5 in Summonings
  2320 | D:3      | Reached XP level 4. HP: 18/18 MP: 1/11
  2320 | D:3      | Reached XP level 5. HP: 21/21 MP: 1/12
  2696 | D:1      | Bought a potion of heal wounds for 65 gold pieces
  2793 | D:3      | Learned a level 3 spell: Summon Guardian Golem
  2840 | D:3      | Noticed a +0 hand axe
  2840 | D:3      | Noticed a +0 dagger
  2841 | D:3      | Found a hide-covered altar of Uskayaw.
  2915 | D:3      | Reached skill level 1 in Hexes
  2945 | D:3      | Gained mutation: You are covered in thick fur. (AC +2)
                  | [Felid growth]
  2945 | D:3      | Reached XP level 6. HP: 24/24 MP: 9/13
  3701 | D:4      | Found a staircase to the Ecumenical Temple.
  3714 | Temple   | Entered the Ecumenical Temple
  3800 | Temple   | Became a worshipper of Gozag Ym Sagoz the Greedy
  3904 | D:4      | Reached XP level 7. HP: 27/27 MP: 9/15
  4177 | D:4      | Found a glowing golden altar of the Shining One.
  4181 | D:4      | Found an ornate altar of the Wu Jian Council.
  4184 | D:4      | Found a blossoming altar of Fedhas.
  4221 | D:4      | Noticed a steam dragon
  4232 | D:4      | Reached skill level 5 in Spellcasting
  4707 | D:5      | Entered Level 5 of the Dungeon
  5091 | D:4      | Engulfed by a steam dragon's steam
  5092 | D:4      | Reached XP level 6. HP: 0/24 MP: 1/15
  5178 | D:5      | Reached skill level 5 in Hexes
  5299 | D:5      | Reached XP level 7. HP: 27/27 MP: 1/16
  5614 | D:5      | Noticed Ijyb
  5658 | D:5      | Killed Ijyb
  6014 | D:5      | Identified the +0 scale mail of Bitterness {rC+}
  6190 | D:5      | Reached XP level 8. HP: 31/31 MP: 12/18
  6999 | D:6      | Reached skill level 1 in Evocations
  7391 | D:6      | Reached XP level 9. HP: 34/34 MP: 17/21
  7589 | D:6      | Found an iron altar of Okawaru.
  8069 | D:6      | Found a glowing silver altar of Zin.
  8187 | D:7      | Reached skill level 5 in Evocations
  8639 | D:7      | Learned a level 4 spell: Summon Lightning Spire
  8942 | D:7      | Reached skill level 1 in Air Magic
  9078 | D:7      | Reached skill level 10 in Summonings
  9294 | D:8      | Noticed a two-headed ogre
  9304 | D:8      | Killed a two-headed ogre
  9491 | D:8      | Reached XP level 10. HP: 15/37 MP: 18/23
 10145 | D:8      | Found Wigunu's Armour Emporium.
 10212 | D:8      | Found an ancient bone altar of Kikubaaqudgha.
 10414 | D:8      | Noticed a two-headed ogre
 10435 | D:8      | Killed a two-headed ogre
 10460 | D:8      | Got the Discursus on the Congregated Arsonist
 10629 | D:8      | Noticed Prince Ribbit
 10643 | D:8      | Killed Prince Ribbit
 10902 | D:8      | Found a shimmering altar of Xom.
 11174 | D:9      | Noticed Gastronok
 11181 | D:9      | Killed from afar by Gastronok
 11182 | D:9      | Reached XP level 9. HP: -11/34 MP: 20/23
 11588 | D:9      | Reached skill level 5 in Air Magic
 11651 | D:9      | Noticed a troll
 11688 | D:9      | Killed a troll
 11689 | D:9      | Reached skill level 10 in Spellcasting
 12065 | D:9      | Killed Gastronok
 12066 | D:9      | Reached XP level 10. HP: 37/37 MP: 15/25
 12151 | D:10     | Entered Level 10 of the Dungeon
 12178 | D:10     | Reached skill level 3 in Dodging
 12181 | D:10     | Reached skill level 1 in Fighting
 12236 | D:10     | Reached skill level 4 in Dodging
 12365 | D:10     | Found a staircase to the Lair.
 12619 | D:10     | Identified the +8 spear "Woeryngeng" {elec, rF+++ rC- Will+
                  | Str+2}
 12670 | D:10     | Noticed a two-headed ogre
 12676 | D:10     | Killed a two-headed ogre
 12677 | D:10     | Reached skill level 5 in Dodging
 13164 | Lair:1   | Entered Level 1 of the Lair of Beasts
 13327 | Lair:1   | Reached skill level 6 in Dodging
 13413 | Lair:1   | Noticed an elephant
 13414 | Lair:1   | Noticed an elephant
 13414 | Lair:1   | Noticed a cane toad
 13415 | Lair:1   | Noticed an elephant
 13420 | Lair:1   | Noticed an elephant
 13424 | Lair:1   | Killed an elephant
 13429 | Lair:1   | Noticed an elephant
 13448 | Lair:1   | Killed a cane toad
 13449 | Lair:1   | Reached XP level 11. HP: 46/46 MP: 12/26
 13456 | Lair:1   | Reached skill level 7 in Dodging
 13482 | Lair:1   | Reached skill level 5 in Fighting
 13744 | Lair:1   | Reached skill level 8 in Dodging
 14153 | Lair:1   | Reached skill level 9 in Dodging
 14593 | Lair:2   | Noticed Maggie
 14610 | Lair:2   | Killed Maggie
 14941 | Lair:2   | Paralysed by a hornet for 2 turns
 15035 | Lair:2   | Reached skill level 10 in Dodging
 15039 | Lair:2   | Noticed an eight-headed hydra
 15054 | Lair:2   | Killed an eight-headed hydra
 15471 | Lair:2   | Reached skill level 11 in Dodging
 15477 | Lair:2   | Gained mutation: Your thick and shaggy fur keeps you warm.
                  | (AC +3, rC+) [Felid growth]
 15477 | Lair:2   | Reached XP level 12. HP: 38/55 MP: 17/27
 15612 | Lair:2   | Found a hole to the Spider Nest.
 16272 | Lair:3   | Noticed a seven-headed hydra
 16294 | Lair:3   | Killed a seven-headed hydra
 16486 | Lair:3   | Reached skill level 12 in Dodging
 16547 | Lair:3   | Noticed an eight-headed hydra
 16848 | Lair:3   | Killed an eight-headed hydra
 16849 | Lair:3   | Reached skill level 13 in Dodging
 17034 | Lair:3   | Reached skill level 10 in Fighting
 17723 | Lair:3   | Found a staircase to the Shoals.
 17920 | Lair:4   | Reached skill level 14 in Dodging
 18134 | Lair:4   | Identified a scroll of acquirement
 18134 | Lair:4   | Acquired 269 gold pieces
 18190 | Lair:4   | Learned a level 3 spell: Inner Flame
 18522 | Lair:4   | Acquired the Octavo of Summoning
 18530 | Lair:4   | Learned a level 5 spell: Summon Mana Viper
 18540 | Lair:4   | Reached XP level 13. HP: 63/63 MP: 20/28
 19494 | Lair:5   | Entered Level 5 of the Lair of Beasts
 20315 | Lair:4   | Reached skill level 15 in Dodging
 20418 | Lair:5   | Acquired 1237 gold pieces
 20420 | Lair:5   | Acquired the ring "Ziewnyrgh" {Wiz rPois Dex+4}
 20456 | Lair:4   | Learned a level 6 spell: Summon Cactus Giant
 20566 | Lair:5   | Learned a level 5 spell: Summon Forest
 22026 | Lair:5   | Killed by an exploding elephant... ignited by their inner
                  | flame
 22027 | Lair:5   | Reached XP level 12. HP: -24/61 MP: 6/27
 22162 | Lair:5   | Found a runed translucent door.
 22163 | Lair:5   | Found a viscous altar of Jiyva.
 22163 | Lair:5   | Noticed an acid blob
 22166 | Lair:5   | Noticed an acid blob
 22167 | Lair:5   | Noticed an acid blob
 22168 | Lair:5   | Found a staircase to the Slime Pits.
 22704 | Lair:5   | Noticed a death yak
 22704 | Lair:5   | Noticed a death yak
 22704 | Lair:5   | Noticed a catoblepas
 22724 | Lair:5   | Killed a death yak
 22724 | Lair:5   | Killed a death yak
 22725 | Lair:5   | Reached XP level 13. HP: 55/64 MP: 5/28
 22976 | Lair:5   | Noticed a dire elephant
 23012 | Lair:5   | Killed a dire elephant
 23467 | Lair:5   | Bought a scroll of identify for 64 gold pieces
 23467 | Lair:5   | Bought a scroll of noise for 32 gold pieces
 23467 | Lair:5   | Bought a scroll labelled IDYM GISHRI for 32 gold pieces
 23467 | Lair:5   | Bought a wand of charming (5) for 384 gold pieces
 23473 | Lair:5   | Bought a potion of magic for 120 gold pieces
 23473 | Lair:5   | Bought a potion of resistance for 150 gold pieces
 23473 | Lair:5   | Bought a wand of quicksilver (5) for 315 gold pieces
 23473 | Lair:5   | Bought a scroll of magic mapping for 112 gold pieces
 23473 | Lair:5   | Bought a potion of curing for 45 gold pieces
 23473 | Lair:5   | Bought a potion of curing for 45 gold pieces
 24948 | D:11     | Noticed Urug
 24965 | D:11     | Killed Urug
 24966 | D:11     | Reached skill level 10 in Hexes
 25314 | D:11     | Identified the +1 flail "Pusmoloi" {venom, Drain rN+
                  | Will+++ Str+3}
 26449 | D:11     | HP: 3/64 [electric eel/bolt of electricity (12)]
 26449 | D:11     | Killed from afar by an electric eel
 26450 | D:11     | Reached XP level 12. HP: -3/61 MP: 13/28
 26669 | D:11     | Found a staircase to the Orcish Mines.
 26701 | D:11     | Found a white marble altar of Elyvilon.
 27138 | Orc:1    | Entered Level 1 of the Orcish Mines
 27138 | Orc:1    | Noticed an orc warlord
 27258 | Spider:1 | Entered Level 1 of the Spider Nest
 27430 | Lair:2   | Acquired the ring "Opsif" {Will+ rCorr Int+9 Dex-2}
 27437 | Lair:2   | Acquired 687 gold pieces
 27533 | Spider:1 | Reached XP level 13. HP: 19/64 MP: 12/29
 27762 | Lair:2   | Learned a level 7 spell: Summon Hydra
 27788 | Shoals:1 | Entered Level 1 of the Shoals
 27831 | Shoals:1 | Reached skill level 5 in Translocations
 27835 | Shoals:1 | HP: 3/64 [sea snake (14)]
 27842 | Shoals:1 | Mangled by a sea snake

Illustrated notes

Levels and vault maps discovered:
D:1:      nicolae_arrival_somewhat_less_tricky_arrival, layout_basic,
          serial_shops, shop
D:2:      layout_basic, chequers_ecumenical_altar_simple_redux
D:3:      layout_rooms, dancing_weapons_uskayaw,
          hangedman_abyss_or_decor_lesser_grid, minmay_misc_feat_hallway,
          hex_medium, uniq_sigmund
D:4:      black_bear_nest_1, layout_loops_ring, grunt_temple_overflow_open,
          minmay_temple_entry_mist, serial_undead, serial_undead_d,
          serial_undead_d, serial_undead_f, serial_undead_c
D:5:      layout_gridville, uniq_ijyb
D:6:      layout_basic, mainiacjoe_overflow_24_doors, zin_treasury
D:7:      layout_loops_ring, palyth_stone_intersect, kennysheep_nub,
          minmay_misc_feat_chi, nicolae_grassy_gnolls
D:8:      layout_cave_pods, overflow_temple_1_default,
          overflow_temple_1_default, serial_shops, shop,
          minmay_chambers_of_fives, uniq_prince_ribbit1
D:9:      layout_rooms, uniq_gastronok
D:10:     layout_basic, erik_lair_orcish_takeover, hangedman_misty_isle
D:11:     hangedman_cross_cluster, layout_rooms, orc_0_dummy, roderic_lattice_a,
          nicolae_elyvilon_temple_path, uniq_urug
D:12:     layout_stronghold, dreamdust_wishing_well
Temple:   nicolae_temple_great_sept
Lair:1:   layout_chaotic_city, chequers_serial_rivers_micro_d,
          serial_bayou_pond_b
Lair:2:   layout_roguey, dummy_spider_entry, serial_bayou_shore_b, uniq_maggie
Lair:3:   layout_long_grid, elwin_shoals_entry_stream,
          infiniplex_staircase_pool_2
Lair:4:   layout_regular_city
Lair:5:   grunt_lair_end_beastmaster, layout_cave_pods, slime_entry_2,
          eino_small_chamber_without_monster
Shoals:1: nicolae_shoals_island_circles, layout_shoals, uniq_louise
Spider:1: layout_spider_delve, nicolae_spider_eight_legs
Orc:1:    layout_caves

Skill      XL: |  1  2  3  4  5  6  7  8  9 10 11 12 13 |
---------------+----------------------------------------+-----
Spellcasting   | 4 6 7 10 9 12 | 12.0
Summonings     | 5 7 8 9 10 | 10.5
Hexes          | 1 5 4 10 | 10.0
Evocations     | 2 5 7 |  7.0
Air Magic      | 7 4 |  7.0
Dodging        | 6 11 14 15 | 15.8
Fighting       | 4 8 10 12 | 12.2
Translocations | 4 5 |  5.2
Stealth        | |  2.6

Action                   |  1- 3 |  4- 6 |  7- 9 | 10-12 | 13-15 || total
-------------------------+-------+-------+-------+-------+-------++-------
Melee: Unarmed           |     2 |    15 |    15 |     7 |     1 ||    40
       Bite              |       |     1 |       |     1 |       ||     2
       Punch             |       |       |       |     1 |       ||     1
 Cast: Summon Small Mamm |    60 |    36 |    84 |   107 |     5 ||   292
       Call Imp          |    14 |    11 |    40 |    52 |     5 ||   122
       Call Canine Famil |     3 |    14 |    46 |    61 |    35 ||   159
       Summon Guardian G |       |     8 |    43 |    53 |    13 ||   117
       Summon Lightning  |       |       |     5 |    49 |    14 ||    68
       Inner Flame       |       |       |       |    16 |    42 ||    58
       Summon Mana Viper |       |       |       |     9 |    51 ||    60
       Summon Cactus Gia |       |       |       |     8 |    27 ||    35
       Summon Forest     |       |       |       |     8 |    25 ||    33
Invok: Potion Petition   |       |       |     1 |       |     1 ||     2
       Call Merchant     |       |       |       |       |     4 ||     4
Evoke: Wand              |       |       |     6 |       |     2 ||     8
  Use: Potion            |       |     1 |     1 |     3 |     2 ||     7
       Scroll            |       |       |     1 |    16 |    13 ||    30
 Stab: Sleeping          |     1 |       |       |       |       ||     1
Armor: Skin              |     6 |     3 |    23 |    25 |     7 ||    64
Dodge: Dodged            |    65 |    52 |    90 |   328 |   171 ||   706
Block: Other             |       |       |       |     9 |    19 ||    28
       Reflection        |       |       |       |       |     3 ||     3

Table legend: (Time is in decaauts)
 A = Elapsed time spent in this place.
 B = Non-inter-level travel time spent in this place.
 C = Inter-level travel time spent in this place.
 D = Time resting spent in this place.
 E = Time spent auto-exploring this place.
 F = Levels seen in this place.
 G = Mean time per level.
                   A        B        C        D        E       F      G
               +--------+--------+--------+--------+--------+-----+--------+
         Total |  25677 |  23949 |   1728 |      0 |  18065 |  21 | 1222.7 |
       Dungeon |  15131 |  14118 |   1013 |      0 |  10488 |  12 | 1260.9 |
        Temple |     79 |     61 |     18 |      0 |     50 |   1 |   79.0 |
          Lair |  10346 |   9652 |    694 |      0 |   7518 |   5 | 2069.2 |
        Shoals |     50 |     50 |      0 |      0 |      8 |   1 |   50.0 |
   Spider Nest |     68 |     68 |      0 |      0 |      0 |   1 |   68.0 |
  Orcish Mines |      1 |      1 |      0 |      0 |      0 |   1 |    1.0 |
               +--------+--------+--------+--------+--------+-----+--------+

Top non-repeatable levels by time:
  Lair:5: 2780 daAuts
  Lair:4: 2522 daAuts
    D:11: 2513 daAuts
  Lair:2: 2154 daAuts
     D:4: 1620 daAuts
     D:5: 1601 daAuts
    D:10: 1514 daAuts
  Lair:1: 1488 daAuts
     D:6: 1415 daAuts
  Lair:3: 1399 daAuts
     D:1: 1340 daAuts
     D:7: 1269 daAuts
     D:8: 1131 daAuts
     D:3: 1015 daAuts
     D:9: 908 daAuts
